[ AOE2 MATCH · #505746565 ]
UnrankedGurjaras vs Mongols
Player's team · LOSS
Rival team · WIN
[ REPLAY ANALYSIS · EXTRACTED FROM THE RECORDED GAME ]
Feudal
20:34
Castle
34:18
Imperial
51:27
| APM avg | 28.4 |
| APM peak | 80 |
| eAPM avg | 18.9 |
| Villagers / military | 110 / 57 |
Focus
⚔️ 22.1% · 🌾 77.9%
Archer ×20 · Skirmisher ×10 · Camel Scout ×10 · Scout Cavalry ×8 · Spearman ×2 · Armored Elephant ×2
Feudal
14:10
Castle
27:19
Imperial
45:10
| APM avg | 21.9 |
| APM peak | 43 |
| eAPM avg | 14.3 |
| Villagers / military | 134 / 68 |
Focus
⚔️ 23.3% · 🌾 76.7%
Scout Cavalry ×40 · Knight ×9 · Monk ×7 · Trebuchet (Packed) ×4 · Mangonel ×3 · Mangudai ×2
Match map
Initial resources + every placement click. Lines = walls · curves = elevation contours. ◆ gold · ⬟ stone · ● berries · ✦ relic · ◌ wall gap
Your base· ✓ Closed at 34:18 · 7t walls · no gate
javiadzu's base· Open — opponent sealed themselves in
Smoothed initial terrain · ◌ = detected wall gap · hover for details
Inputs per minute
— ADominio - - javiadzu
Build order — ADominio
First 150 of 305 actions detected
| 0:01 | Queue | Villager (Male) |
| 0:02 | Build | House |
| 0:04 | Build | House |
| 0:05 | Queue | Villager (Male) |
| 0:05 | Research | Loom |
| 0:06 | Queue | Villager (Male) |
| 0:07 | Queue | Villager (Male) |
| 0:07 | Queue | Villager (Male) |
| 2:29 | Queue | Villager (Male) |
| 2:29 | Queue | Villager (Male) |
| 2:37 | Build | Palisade Gate |
| 2:41 | Build | House |
| 3:04 | Queue | Villager (Male) |
| 3:04 | Queue | Villager (Male) |
| 3:45 | Queue | Villager (Male) |
| 4:01 | Build | Lumber Camp |
| 4:09 | Queue | Villager (Male) |
| 4:35 | Queue | Villager (Male) |
| 5:00 | Queue | Villager (Male) |
| 5:10 | Build | House |
| 5:13 | Build | House |
| 5:18 | Build | House |
| 5:23 | Build | House |
| 5:41 | Queue | Villager (Male) |
| 6:10 | Build | House |
| 6:12 | Build | House |
| 6:29 | Build | House |
| 6:56 | Queue | Villager (Male) |
| 7:26 | Queue | Villager (Male) |
| 7:43 | Queue | Villager (Male) |
| 8:11 | Queue | Villager (Male) |
| 8:52 | Build | House |
| 8:53 | Build | House |
| 9:05 | Queue | Villager (Male) |
| 9:05 | Queue | Villager (Male) |
| 9:07 | Queue | Villager (Male) |
| 10:07 | Build | Palisade Gate |
| 10:10 | Build | House |
| 10:17 | Build | House |
| 10:34 | Queue | Villager (Male) |
| 10:39 | Build | Mill |
| 10:54 | Queue | Villager (Male) |
| 11:17 | Queue | Villager (Male) |
| 11:29 | Build | Lumber Camp |
| 11:43 | Queue | Villager (Male) |
| 12:07 | Queue | Villager (Male) |
| 12:12 | Build | House |
| 12:16 | Build | Palisade Wall |
| 12:20 | Queue | Villager (Male) |
| 12:29 | Build | Palisade Wall |
| 12:50 | Build | Mill |
| 12:55 | Queue | Villager (Male) |
| 13:00 | Build | House |
| 13:03 | Build | House |
| 13:19 | Queue | Villager (Male) |
| 13:33 | Queue | Villager (Male) |
| 13:50 | Queue | Villager (Male) |
| 14:32 | Queue | Villager (Male) |
| 14:41 | Build | House |
| 14:52 | Build | House |
| 15:03 | Queue | Villager (Male) |
| 15:50 | Queue | Villager (Male) |
| 15:57 | Build | House |
| 16:01 | Build | Palisade Wall |
| 16:03 | Build | Palisade Wall |
| 17:29 | Build | Mill |
| 18:14 | Build | Barracks |
| 18:24 | Research | Feudal Age |
| 19:38 | Build | Lumber Camp |
| 20:02 | Build | House |
| 20:27 | Build | House |
| 20:33 | Queue | Villager (Male) |
| 20:34 | Age | Feudal Age |
| 20:35 | Queue | Villager (Male) |
| 20:56 | Build | Watch Tower |
| 21:10 | Queue | Villager (Male) |
| 21:30 | Build | Mining Camp |
| 21:53 | Research | Double-Bit Axe |
| 21:55 | Queue | Villager (Male) |
| 21:55 | Queue | Villager (Male) |
| 22:22 | Queue | Villager (Male) |
| 22:31 | Build | Market |
| 22:59 | Build | Mining Camp |
| 23:03 | Queue | Villager (Male) |
| 23:03 | Queue | Villager (Male) |
| 23:14 | Queue | Villager (Male) |
| 23:52 | Build | Archery Range |
| 24:18 | Queue | Villager (Male) |
| 24:27 | Build | Farm |
| 24:31 | Build | Farm |
| 24:36 | Build | Farm |
| 24:39 | Build | Farm |
| 24:41 | Queue | Villager (Male) |
| 24:42 | Queue | Villager (Male) |
| 24:53 | Build | Blacksmith |
| 25:09 | Queue | Archer |
| 25:09 | Queue | Archer |
| 25:21 | Queue | Archer |
| 25:23 | Queue | Villager (Male) |
| 25:33 | Research | Fletching |
| 25:44 | Queue | Villager (Male) |
| 25:50 | Queue | Archer |
| 25:56 | Queue | Archer |
| 26:05 | Build | Archery Range |
| 26:09 | Queue | Archer |
| 26:13 | Build | Farm |
| 26:15 | Queue | Villager (Male) |
| 26:36 | Build | House |
| 26:38 | Build | House |
| 26:39 | Build | House |
| 26:44 | Build | Farm |
| 26:45 | Queue | Villager (Male) |
| 26:48 | Queue | Archer |
| 27:05 | Queue | Archer |
| 27:06 | Queue | Archer |
| 27:09 | Queue | Archer |
| 27:14 | Build | Farm |
| 27:16 | Queue | Villager (Male) |
| 27:33 | Build | Farm |
| 27:36 | Research | Town Watch |
| 27:55 | Queue | Archer |
| 27:55 | Queue | Archer |
| 28:00 | Research | Padded Archer Armor |
| 28:08 | Build | Farm |
| 28:40 | Queue | Archer |
| 28:41 | Queue | Archer |
| 28:41 | Queue | Archer |
| 29:17 | Queue | Archer |
| 29:17 | Queue | Archer |
| 31:31 | Queue | Villager (Male) |
| 31:38 | Research | Castle Age |
| 32:13 | Build | Stable |
| 32:19 | Research | Forging |
| 32:24 | Queue | Archer |
| 32:24 | Queue | Archer |
| 32:24 | Queue | Archer |
| 32:37 | Build | House |
| 32:41 | Queue | Scout Cavalry |
| 32:44 | Build | House |
| 32:54 | Queue | Spearman |
| 32:54 | Queue | Spearman |
| 33:05 | Build | Palisade Wall |
| 33:07 | Build | Palisade Wall |
| 33:11 | Build | Palisade Wall |
| 33:33 | Build | House |
| 33:34 | Build | House |
| 33:36 | Build | House |
| 33:43 | Build | Farm |
| 34:18 | Age | Castle Age |
| 34:28 | Build | Castle |
Build order — javiadzu
First 150 of 305 actions detected
| 0:00 | Queue | Villager (Male) |
| 0:00 | Queue | Villager (Male) |
| 0:01 | Queue | Villager (Male) |
| 0:03 | Build | House |
| 0:04 | Build | House |
| 0:09 | Research | Loom |
| 0:10 | Queue | Villager (Male) |
| 0:10 | Queue | Villager (Male) |
| 0:34 | Queue | Villager (Male) |
| 1:52 | Queue | Villager (Male) |
| 2:26 | Queue | Villager (Male) |
| 3:14 | Queue | Villager (Male) |
| 3:42 | Queue | Villager (Male) |
| 4:05 | Queue | Villager (Male) |
| 4:33 | Queue | Villager (Male) |
| 4:57 | Queue | Villager (Male) |
| 5:19 | Build | House |
| 5:39 | Queue | Villager (Male) |
| 5:39 | Queue | Villager (Male) |
| 5:40 | Queue | Villager (Male) |
| 6:10 | Queue | Villager (Male) |
| 6:17 | Build | Mill |
| 6:40 | Queue | Villager (Male) |
| 7:07 | Build | House |
| 7:08 | Build | House |
| 7:46 | Queue | Villager (Male) |
| 7:46 | Queue | Villager (Male) |
| 8:00 | Queue | Villager (Male) |
| 8:34 | Queue | Villager (Male) |
| 9:26 | Queue | Villager (Male) |
| 9:27 | Queue | Villager (Male) |
| 10:04 | Build | House |
| 10:20 | Queue | Villager (Male) |
| 10:20 | Queue | Villager (Male) |
| 10:49 | Build | Mining Camp |
| 11:06 | Queue | Villager (Male) |
| 11:07 | Queue | Villager (Male) |
| 11:43 | Build | House |
| 11:57 | Research | Feudal Age |
| 12:13 | Build | House |
| 13:35 | Queue | Villager (Male) |
| 13:53 | Build | Lumber Camp |
| 14:10 | Age | Feudal Age |
| 14:12 | Build | Farm |
| 14:12 | Build | Farm |
| 14:13 | Build | Farm |
| 14:13 | Build | Farm |
| 14:13 | Build | Farm |
| 14:13 | Build | Farm |
| 14:53 | Queue | Villager (Male) |
| 14:53 | Queue | Villager (Male) |
| 15:10 | Build | Watch Tower |
| 15:13 | Build | House |
| 15:19 | Build | House |
| 15:26 | Queue | Villager (Male) |
| 15:27 | Queue | Villager (Male) |
| 15:35 | Build | House |
| 16:45 | Queue | Villager (Male) |
| 16:45 | Queue | Villager (Male) |
| 17:51 | Queue | Villager (Male) |
| 17:51 | Queue | Villager (Male) |
| 18:35 | Queue | Villager (Male) |
| 18:35 | Queue | Villager (Male) |
| 18:46 | Build | Farm |
| 18:46 | Build | Farm |
| 18:46 | Build | Farm |
| 18:46 | Build | Farm |
| 18:47 | Build | Farm |
| 18:47 | Build | Farm |
| 18:47 | Build | Farm |
| 18:47 | Build | Farm |
| 18:47 | Build | Farm |
| 18:52 | Build | Farm |
| 19:15 | Build | Farm |
| 19:23 | Research | Double-Bit Axe |
| 19:34 | Queue | Villager (Male) |
| 19:34 | Queue | Villager (Male) |
| 19:57 | Queue | Villager (Male) |
| 20:20 | Build | Farm |
| 20:47 | Queue | Villager (Male) |
| 20:51 | Research | Horse Collar |
| 21:14 | Build | Palisade Wall |
| 21:19 | Queue | Villager (Male) |
| 21:20 | Queue | Villager (Male) |
| 21:27 | Build | Farm |
| 21:27 | Build | Farm |
| 21:28 | Build | Farm |
| 21:28 | Build | Farm |
| 21:32 | Build | Farm |
| 21:54 | Build | Mining Camp |
| 22:04 | Queue | Villager (Male) |
| 22:07 | Research | Town Watch |
| 22:16 | Build | House |
| 22:17 | Build | House |
| 22:54 | Queue | Villager (Male) |
| 23:02 | Build | Market |
| 23:20 | Queue | Villager (Male) |
| 23:26 | Build | Blacksmith |
| 23:29 | Queue | Villager (Male) |
| 23:30 | Queue | Villager (Male) |
| 24:19 | Research | Castle Age |
| 25:12 | Build | Barracks |
| 25:33 | Research | Fletching |
| 25:53 | Queue | Villager (Male) |
| 25:53 | Queue | Villager (Male) |
| 26:05 | Build | Stable |
| 26:26 | Research | Forging |
| 26:43 | Queue | Villager (Male) |
| 26:43 | Queue | Villager (Male) |
| 26:57 | Research | Bloodlines |
| 27:19 | Age | Castle Age |
| 27:27 | Build | Siege Workshop |
| 27:42 | Build | Town Center |
| 28:07 | Queue | Mangonel |
| 28:07 | Queue | Mangonel |
| 28:18 | Queue | Knight |
| 28:18 | Queue | Knight |
| 28:31 | Queue | Knight |
| 29:13 | Build | Siege Workshop |
| 29:25 | Queue | Villager (Male) |
| 29:26 | Queue | Villager (Male) |
| 29:34 | Research | Bodkin Arrow |
| 30:01 | Build | House |
| 30:17 | Queue | Knight |
| 30:17 | Queue | Knight |
| 30:35 | Queue | Knight |
| 30:48 | Build | House |
| 31:09 | Queue | Mangonel |
| 32:05 | Queue | Villager (Male) |
| 32:05 | Queue | Villager (Male) |
| 32:11 | Queue | Villager (Male) |
| 32:12 | Queue | Villager (Male) |
| 32:26 | Queue | Villager (Male) |
| 32:35 | Research | Town Patrol |
| 32:42 | Queue | Knight |
| 32:42 | Queue | Knight |
| 33:19 | Queue | Battering Ram |
| 33:19 | Queue | Battering Ram |
| 33:21 | Queue | Villager (Male) |
| 33:24 | Queue | Villager (Male) |
| 33:25 | Queue | Villager (Male) |
| 33:25 | Queue | Villager (Male) |
| 34:07 | Queue | Knight |
| 34:22 | Build | Farm |
| 34:23 | Build | Farm |
| 35:20 | Queue | Villager (Male) |
| 35:20 | Queue | Villager (Male) |
| 35:23 | Build | House |
| 35:25 | Build | House |
| 35:33 | Build | House |
Match timeline
| 12:16 | ADominio · wall_segment Palisade Wall x1 |
| 12:29 | ADominio · wall_segment Palisade Wall x1 |
| 14:10 | javiadzu · age_up feudal |
| 16:01 | ADominio · wall_segment Palisade Wall x1 |
| 16:03 | ADominio · wall_segment Palisade Wall x1 |
| 18:14 | ADominio · first_building Barracks |
| 20:34 | ADominio · age_up feudal |
| 21:14 | javiadzu · wall_segment Palisade Wall x7 |
| 23:52 | ADominio · first_building Archery Range |
| 24:13 | ADominio · first_market_sell 100 stone |
| 24:15 | ADominio · first_market_buy 100 food |
| 24:16 | javiadzu · first_market_buy 100 food |
| 25:12 | javiadzu · first_building Barracks |
| 26:05 | javiadzu · first_building Stable |
| 27:19 | javiadzu · age_up castle |
| 27:27 | javiadzu · first_building Siege Workshop |
| 32:13 | ADominio · first_building Stable |
| 33:05 | ADominio · wall_segment Palisade Wall x1 |
| 33:07 | ADominio · wall_segment Palisade Wall x1 |
| 33:11 | ADominio · wall_segment Palisade Wall x1 |
| 34:18 | ADominio · age_up castle |
| 34:28 | ADominio · first_building Castle |
| 37:49 | javiadzu · first_building Monastery |
| 43:38 | ADominio · first_building Monastery |
| 44:58 | ADominio · first_building Siege Workshop |
| 45:10 | javiadzu · age_up imperial |
| 46:26 | javiadzu · first_building Castle |
| 51:27 | ADominio · age_up imperial |
| 54:35 | ADominio · resign |
[ AI ANALYSIS · 1 CREDIT ]
What really happened in this match?
Wolo.gg analyzes every decision: build order, eco, micro, common mistakes by bracket. Personalized analysis on WhatsApp or Discord in 30 seconds.
Civ guide
Gurjaras
Perfil
Jugador #2419127